 Dungeon Crawl Stone Soup version 0.30.0-10-gfe55d96785 (webtiles) character file.

Game seed: 15558964245683639835

75 FexLirch the Digger (level 4, -4/33 HPs)
             Began as a Meteoran Earth Elementalist on May 14, 2023.
             Slain by a water moccasin (8 damage)
             ... on level 4 of the Dungeon.
             The game lasted 00:05:47 (512 turns).

FexLirch the Digger (Meteoran Earth Elementalist)    Turns: 512, Time: 00:05:48

Health: -4/33      AC:  3    Str:  9    XL:     4   Next: 86%
Magic:  5/10       EV: 12    Int: 18    God:
Gold:   62         SH:  0    Dex: 15    Spells: 4/10 levels left

rFire   . . .        g - staff of poison
rCold   . . .        (no shield)
rNeg    . . .        h - +0 leather armour
rPois   +            (no helmet)
rElec   .            (no cloak)
rCorr   .            (no gloves)
SInv    .            (no boots)
Will    .....        (no amulet)
Stlth   +            (no ring)
HPRegen 0.25/turn    (no ring)
MPRegen 0.12/turn

%: no passive effects
@: lethally poisoned (-4 -> -11), very slightly contaminated, glowing
A: sense surroundings 1, otherworldly, glowing, explore regen
a: no special abilities


You were on level 4 of the Dungeon.
You visited 1 branch of the dungeon, and saw 5 of its levels.

You collected 62 gold pieces.

Inventory:

Missiles
 l - 6 poisoned darts
Armour
 a - a +0 robe
 h - a +0 leather armour (worn)
Magical Staves
 g - a staff of poison (weapon)
Scrolls
 e - 5 scrolls of identify {unknown}
 f - a scroll of vulnerability {unknown}
 j - a scroll of enchant armour {unknown}
Potions
 b - a potion of magic
 c - a potion of might {unknown}
 d - a potion of attraction {unknown}
 i - a potion of resistance {unknown}
 k - 2 potions of curing {unknown}


   Skills:
 - Level 2.4 Dodging
 - Level 1.4 Stealth
 + Level 3.8 Spellcasting
 + Level 2.3 Conjurations
 - Level 1.2 Transmutations
 + Level 4.4 Earth Magic
 + Level 0.9 Poison Magic


You had 4 spell levels left.
You knew the following spells:

 Your Spells              Type           Power      Damage    Failure   Level
a - Sandblast             Erth           38%        2d10      3%          1
b - Passwall              Tmut/Erth      10%        N/A       10%         2
c - Stone Arrow           Conj/Erth      30%        3d8       16%         3

Your spell library contained the following spells:

 Spells                   Type           Power      Damage    Failure   Level
 Magic Dart               Conj           44%        1d5       9%          1
 Sting                    Tmut/Pois      44%        1d5       14%         1
 Poisonous Vapours        Pois/Air       14%        N/A       26%         2
 Call Imp                 Summ           6%         N/A       32%         2
 Mephitic Cloud           Conj/Pois/Air  11%        N/A       38%         3
 Petrify                  Tmut/Erth      13%        N/A       54%         4
 Olgreb's Toxic Radiance  Pois           10%        N/A       80%         4


Dungeon Overview and Level Annotations

Branches:
Dungeon (5/15) Zot: 2464
 Temple: D:4-7

Altars:

Shops:
D:3 :


Innate Abilities, Weirdness & Mutations

You passively map a small area around you.
You are easily found by Zot.
You glow in the dark.
You regain HP and MP as you explore.


Message History

You climb upwards.
There is a stone staircase leading down here.
Casting: Sandblast (safe; 3% risk of failure)
Confirm with . or Enter, or press ? or * to list all spells.
The spell is quite dangerous to miscast (16% risk of failure)!
Continue anyway? [Y]es or [N]o only, please.
The spell is quite dangerous to miscast (16% risk of failure)!
Continue anyway?
Okay, then.
Unknown command.
Casting: Stone Arrow (quite dangerous; 16% risk of failure)
Confirm with . or Enter, or press ? or * to list all spells.
The spell is quite dangerous to miscast (16% risk of failure)!
Continue anyway?
Aiming: Stone Arrow (quite dangerous; 16% risk of failure)
Press: ? - help, Shift-Dir - straight line, f - water moccasin
Aim: a water moccasin (moderately wounded, 48% to hit)
The stone arrow hits the water moccasin!
The water moccasin is severely wounded.
The water moccasin bites you.
Casting: Stone Arrow (quite dangerous; 16% risk of failure)
Confirm with . or Enter, or press ? or * to list all spells.
Aiming: Sandblast (safe; 3% risk of failure)
Press: ? - help, Shift-Dir - straight line, f/p - water moccasin
Aim: a water moccasin (severely wounded, 70% to hit)
You miscast Sandblast.
You are very lightly contaminated with residual magic.
Nothing appears to happen.
The water moccasin bites you!
* * * LOW HITPOINT WARNING * * *
You are lethally poisoned!
The water moccasin poisons you! The water moccasin misses you.
Casting: Sandblast (safe; 3% risk of failure)
Confirm with . or Enter, or press ? or * to list all spells.
Aiming: Sandblast (safe; 3% risk of failure)
Press: ? - help, Shift-Dir - straight line, f/p - water moccasin
Aim: a water moccasin (severely wounded, 70% to hit)
The blast of sand hits the water moccasin!
The water moccasin is almost dead.
* * * LOW HITPOINT WARNING * * *
You feel very sick. The water moccasin bites you!
You die...

*#######..........
* #...#######
#...#..
#...#.#######
#...#.#.....#, * *
#...#....... ,
###...#.....
...#...#S#.###
........@.....# ,
..#.#.....#.#.# *
#.#.....# #, *
#,#..)..# # 8 * ,
#.....#.#.# , *,
#.<..<....# *
#.#..######* *
#.#... , * * ##. ,


You could see a water moccasin.

Vanquished Creatures
  4 adders
  A worm (D:3)
  A dart slug (D:2)
  A bat (D:1)
  2 endoplasms
  A giant cockroach (D:1)
  4 goblins
  3 hobgoblins
  5 jackals
  A quokka (D:3)
  4 ball pythons (D:3)
  A frilled lizard (D:2)
  2 kobolds
  3 rats (D:1)
33 creatures vanquished.

Notes
Turn   | Place    | Note
-------+----------+-------------------------------------------
     0 | D:1      | FexLirch the Meteoran Earth Elementalist began the quest
                  | for the Orb.
     0 | D:1      | Reached XP level 1. HP: 14/14 MP: 5/5
    24 | D:1      | Reached XP level 2. HP: 20/20 MP: 2/6
    32 | D:1      | Reached skill level 1 in Conjurations
    64 | D:2      | Reached skill level 4 in Earth Magic
    64 | D:2      | Reached XP level 3. HP: 19/26 MP: 3/8
    67 | D:2      | Learned a level 2 spell: Passwall
    71 | D:2      | Learned a level 3 spell: Stone Arrow
   178 | D:3      | Reached XP level 4. HP: 33/33 MP: 6/10
   422 | D:3      | Found Xecsuvve's Book Shop.
   506 | D:5      | Entered Level 5 of the Dungeon
   506 | D:5      | Noticed a phantom
   506 | D:5      | Noticed a phantom
   506 | D:5      | Noticed a water moccasin
   512 | D:4      | Slain by a water moccasin

Illustrated notes

Levels and vault maps discovered:
D:1:      moated_graveyard_arrival, layout_rooms,
          shapermc_ecumenical_altar_notcrosses
D:2:      layout_basic
D:3:      layout_rooms, serial_shops, shop_fountains
D:4:      layout_basic, minmay_temple_entry_poolview, hangedman_decor_slide_cut,
          wad_orctagon
D:5:      lemuel_ice_spiral_2, layout_rooms, serial_undead, serial_undead_d,
          serial_undead_d, serial_undead_a, serial_undead_e, serial_undead_f,
          nicolae_shop_i_like_small_books_too, uniq_ijyb

Skill      XL: |  1  2  3 |
---------------+----------+-----
Spellcasting   | 3 |  3.8
Conjurations   | 1 2 |  2.3
Earth Magic    | 4 |  4.4
Dodging        | |  2.4
Stealth        | |  1.4
Transmutations | |  1.2
Poison Magic   | |  0.9

Action                     |  1- 3 |  4- 6 || total
---------------------------+-------+-------++-------
   Cast: Sandblast         |    23 |    22 ||    45
         Passwall          |     1 |     1 ||     2
         Stone Arrow       |       |     1 ||     1
 Armour: Robe              |     3 |       ||     3
         Leather armour    |       |     4 ||     4
  Dodge: Dodged            |     6 |    12 ||    18
